 Dungeon Crawl Stone Soup version 0.21.0-24-g2553a3340b (webtiles) character file.

390 Peloso the Slasher (level 6, -4/61 HPs)
             Began as a Troll Fighter on Jan 21, 2018.
             Slain by Edmund
             ... wielding a +0 dire flail of venom
              (8 damage)
             ... on level 4 of the Dungeon.
             The game lasted 00:06:22 (1883 turns).

Peloso the Slasher (Troll Fighter)                  Turns: 1883, Time: 00:06:23

Health: -4/61      AC:  5    Str: 31    XL:     6   Next: 50%
Magic:  5/5        EV:  9    Int:  1    God:
Gold:   149        SH: 10    Dex: 10    Spells: 5/5 levels left

rFire    . . .     SeeInvis .   a - +0 long sword
rCold    . . .     Gourm    +   c - +0 shield
rNeg     . . .     Faith    .   b - +0 robe
rPois    .         Spirit   .   (helmet restricted)
rElec    .         Reflect  .   (no cloak)
rCorr    .         Harm     .   (gloves unavailable)
MR       .....                  (boots unavailable)
Stlth    ++........             (no amulet)
HPRegen  0.60/turn              q - ring of stealth
MPRegen  0.09/turn              e - -3 ring of intelligence (curse)

@: mighty, lethally poisoned (-4 -> -21)
A: large, unfitting armour, claws 3, fast metabolism 3, gourmand, regeneration
1, shaggy fur 1, tough skin 2
a: no special abilities


You were on level 4 of the Dungeon.
You were very full.

You visited 1 branch of the dungeon, and saw 4 of its levels.

You collected 149 gold pieces.

Inventory:

Hand Weapons
 a - a +0 long sword (weapon)
 g - a +3 spear
Armour
 b - a +0 robe (worn)
 c - a +0 shield (worn)
Jewellery
 e - a cursed -3 ring of intelligence (right claw)
 q - a ring of stealth (left claw)
Wands
 n - a wand of random effects (30)
Scrolls
 k - a scroll of teleportation
 m - 2 scrolls of identify {unknown}
 o - a scroll of amnesia {unknown}
Potions
 j - 2 potions of brilliance {unknown}
 l - a potion of invisibility {unknown}
 p - a potion of agility
 r - a potion of haste {unknown}
Comestibles
 f - 7 rations


   Skills:
 + Level 3.3 Fighting
 + Level 3.7 Long Blades
 + Level 3.6 Dodging
 + Level 0.3 Stealth
 + Level 3.4 Shields


You had 5 spell levels left.
You didn't know any spells.

Dungeon Overview and Level Annotations

Branches:
Dungeon (4/15)
 Temple: D:4-7

Altars:
Ashenzari
Kikubaaqudgha
Qazlal
Trog
Xom

Annotations:
D:4 Edmund


Innate Abilities, Weirdness & Mutations

You are too large for most types of armour.
You have claws for hands.
Your metabolism is lightning-fast.
You like to eat raw meat.
Your natural rate of healing is unusually fast.
You are covered in fur. (AC +1)
You have very tough skin. (AC +2)


Message History

You feel very sick.
Edmund hits you with a dire flail of venom.
* * * LOW HITPOINT WARNING * * *
You are more poisoned.
You hit Edmund but do no damage.
Edmund is moderately wounded.
* * * LOW HITPOINT WARNING * * *
You feel very sick. Edmund barely misses you.
You feel very mighty all of a sudden.
* * * LOW HITPOINT WARNING * * *
You feel very sick.
Edmund hits you with a dire flail of venom.
* * * LOW HITPOINT WARNING * * *
You barely miss Edmund.
Edmund is moderately wounded.
* * * LOW HITPOINT WARNING * * *
You feel very sick.
Edmund hits you with a dire flail of venom!
You die...

###
#<#
#@#
#@#
#l#
...
...
.....
##.#.
.....


You could see Edmund and a frilled lizard.

Vanquished Creatures
  Sigmund (D:2)
  Jessica (D:2)
  Terence (D:2)
  4 gnolls (D:3)
  6 adders
  3 worms
  5 dart slugs
  A leopard gecko (D:3)
  6 orcs (D:3)
  10 bats
  6 giant cockroaches
  3 hobgoblins
  A quokka (D:3)
  4 frilled lizards
  10 kobolds
  3 rats
65 creatures vanquished.

Notes
Turn   | Place    | Note
-------+----------+-------------------------------------------
     0 | D:1      | Peloso the Troll Fighter began the quest for the Orb.
     0 | D:1      | Reached XP level 1. HP: 22/22 MP: 0/0
   127 | D:1      | Reached XP level 2. HP: 22/29 MP: 1/1
   616 | D:2      | Noticed Jessica
   632 | D:2      | Killed Jessica
   632 | D:2      | Reached XP level 3. HP: 24/36 MP: 2/2
   728 | D:2      | Found a stormy altar of Qazlal.
   776 | D:2      | Reached XP level 4. HP: 35/44 MP: 3/3
   828 | D:2      | Noticed Terence
   842 | D:2      | Killed Terence
   925 | D:2      | Noticed Sigmund
   937 | D:2      | Killed Sigmund
   937 | D:2      | Reached XP level 5. HP: 28/53 MP: 4/4
   937 | D:2      | Reached XP level 6. HP: 32/61 MP: 5/5
  1047 | D:2      | Found a shimmering altar of Xom.
  1251 | D:3      | Found a faded altar of an unknown god.
  1532 | D:3      | Found a bloodstained altar of Trog.
  1688 | D:3      | Found a shattered altar of Ashenzari.
  1688 | D:3      | Found an ancient bone altar of Kikubaaqudgha.
  1865 | D:4      | Noticed Edmund
  1883 | D:4      | Slain by Edmund

Skill      XL: |  1  2  3  4 |
---------------+-------------+-----
Long Blades    | 2 3 |  3.7
Dodging        | 3 |  3.6
Fighting       | 3 |  3.3
Shields        | 3 |  3.4
Stealth        | |  0.3

Action                   |  1- 3 |  4- 6 || total
-------------------------+-------+-------++-------
Melee: Long sword        |    90 |   161 ||   251
  Use: Potion            |       |     5 ||     5
       Scroll            |       |     3 ||     3
 Stab: Sleeping          |     1 |     3 ||     4
  Eat: Chunk             |     3 |    17 ||    20
       Ration            |     1 |       ||     1
Armor: Robe              |    53 |    48 ||   101
Dodge: Dodged            |    59 |    69 ||   128
Block: Shield            |    41 |    93 ||   134
       Rpst.: Long sword |    19 |    23 ||    42
